 Dungeon Crawl Stone Soup version 0.27.1-33-g824d729ab1 (webtiles) character file.

Game seed: 14197689653986124475

16172 hilljack the Geomancer (level 12, -1/59 HPs)
             Began as a Gargoyle Earth Elementalist on Nov 27, 2021.
             Was a Believer of Vehumet.
             Slain by a boulder beetle (20 damage)
             ... on level 2 of the Lair of Beasts.
             The game lasted 01:08:41 (16151 turns).

hilljack the Geomancer (GrEE)                      Turns: 16151, Time: 01:08:42

Health: -1/59      AC: 15    Str: 13    XL:     12   Next: 34%
Magic:  23/26      EV: 15    Int: 32    God:    Vehumet [**....]
Gold:   749        SH:  7    Dex: 10    Spells: 2/31 levels left

rFire    . . .     SeeInvis .   b - +4 whip (freeze)
rCold    . . .     Faith    .   H - +2 buckler
rNeg     + . .     Spirit   .   F - +1 leather armour "Gylusku" {Int+6}
rPois    ∞         Reflect  .   s - +0 helmet
rElec    +         Harm     .   v - +1 cloak
rCorr    .         Rampage  .   (no gloves)
Will     .....                  (no boots)
Stlth    ++........             (no amulet)
HPRegen  0.19/turn              t - +4 ring of evasion
MPRegen  0.20/turn              f - +6 ring of intelligence

@: no status effects
A: sickness immunity, AC +8, negative energy resistance 1, electricity
resistance, torment resistance 1, petrification resistance
a: Renounce Religion


You were on level 2 of the Lair of Beasts.
You worshipped Vehumet.
Vehumet was pleased with you.
You visited 3 branches of the dungeon, and saw 14 of its levels.
You also visited: Sewer.

You collected 811 gold pieces.
You spent 62 gold pieces at shops.

Inventory:

Hand Weapons
 b - a +4 whip of freezing (weapon)
Missiles
 c - 355 stones
Armour
 s - a +0 helmet (worn)
 v - a +1 cloak (worn)
 y - +0 acid dragon scales
 F - the +1 leather armour "Gylusku" (worn) {Int+6}
   (You found it on level 9 of the Dungeon)

   Int:       It affects your intelligence (+6).
 H - a +2 buckler (worn)
 L - a scarf of invisibility
Jewellery
 e - a ring of willpower
 f - a +6 ring of intelligence (right hand)
 t - a +4 ring of evasion (left hand)
 C - a ring of protection from cold
 I - a ring of wizardry
 K - a ring of positive energy
Wands
 z - a wand of iceblast (5)
 B - a wand of flame (28)
Scrolls
 d - 5 scrolls of fear
 i - 2 scrolls of fog
 j - 3 scrolls of identify
 p - 3 scrolls of vulnerability
 q - 3 scrolls of enchant armour
 u - 5 scrolls of enchant weapon
 w - 2 scrolls of teleportation
 x - a scroll of magic mapping
 D - a scroll of immolation
 G - 3 scrolls of brand weapon
Potions
 a - a potion of magic
 g - 3 potions of flight
 h - a potion of resistance
 l - 8 potions of curing
 m - 3 potions of attraction
 n - 3 potions of ambrosia
 o - 2 potions of cancellation
 r - 8 potions of heal wounds
 A - a potion of brilliance
 E - 3 potions of haste
 J - a potion of might


   Skills:
 - Level 1.5 Dodging
 - Level 2.1 Stealth
 - Level 5.0 Shields
 - Level 10.0 Spellcasting
 - Level 10.0 Conjurations
 - Level 0.7 Transmutations
 + Level 9.7 Fire Magic
 - Level 10.0 Earth Magic
 + Level 4.8 Poison Magic


You had 2 spell levels left.
You knew the following spells:

 Your Spells              Type           Power      Damage    Failure   Level
a - Sandblast             Erth           100%       2d20      1%          1
b - Passwall              Tmut/Erth      41%        N/A       1%          2
c - Stone Arrow           Conj/Erth      100%       3d13      1%          3
d - Petrify               Tmut/Erth      50%        N/A       4%          4
e - Sticky Flame          Conj/Fire      68%        2d8       1%          4
f - Conjure Flame         Conj/Fire      68%        6-21      1%          3
g - Olgreb's Toxic Radia  Pois           47%        N/A       5%          4
h - Ignition              Fire           33%        3d10      99%         8

Your spell library contained the following spells:

 Spells                   Type           Power      Damage    Failure   Level
 Frozen Ramparts          Ice            32%        1d5       12%         3
 Dazzling Flash           Conj/Hex       96%        N/A       1%          3
 Ignite Poison            Fire/Tmut/Pois 48%        N/A       1%          3
 Iskenderun's Mystic Bla  Conj/Tloc      48%        2d11      4%          4
 Starburst                Conj/Fire      34%        6d10      11%         6
 Ozocubu's Refrigeration  Ice            8%         4d6       100%        7


Dungeon Overview and Level Annotations

Branches:
Dungeon (10/15)            Temple (1/1) D:7            Lair (3/6) D:9
  Swamp (0/4) Lair:3        Snake (0/4) Lair:2          Orc (0/2) D:9
  Sewer (visited)

Altars:
Ashenzari
Cheibriados
Dithmenos
Elyvilon
Fedhas
Gozag
Hepliaklqana
Kikubaaqudgha
Makhleb
Nemelex Xobeh
Okawaru
Qazlal
Ru
Sif Muna
Trog
Uskayaw
Vehumet
Wu Jian
Xom
Yredelemnul
Zin
The Shining One
Beogh

Shops:
D:3 *

Annotations:
Lair:1 exclusion: oklob plant


Innate Abilities, Weirdness & Mutations

You are immune to sickness and miasma.
Your stone body is resilient. (AC +8)
You are immune to poison.
You resist negative energy. (rN+)
You are resistant to electric shocks. (rElec)
You are resistant to unholy torment.
You are immune to petrification.


Message History

Casting: Stone Arrow (safe; 1% risk of failure)
Confirm with . or Enter, or press ? or * to list all spells.
Aiming: Stone Arrow (safe; 1% risk of failure)
Press: ? - help, Shift-Dir - straight line, f/p - boulder beetle
Aim: a boulder beetle (lightly wounded, 100% to hit)
The stone arrow hits the boulder beetle.
The boulder beetle is lightly wounded.
The boulder beetle leaps!
The four-headed hydra roars!
A tyrant leech comes into view.
The boulder beetle bites you! The boulder beetle bites you!
The boulder beetle leaps!
The boulder beetle leaps!
You see here a +0 war axe.
The boulder beetle curls into a ball and begins rolling!
Something bites the plant.
The plant begins to die.
Something bites the plant!
Something bites the plant.
Something bites the plant!
You see here a tyrant leech corpse.
The boulder beetle barely misses you.
The boulder beetle stops rolling and uncurls.
The boulder beetle curls into a ball and begins rolling!
The boulder beetle closely misses you.
The boulder beetle stops rolling and uncurls.
The boulder beetle leaps!
The boulder beetle curls into a ball and begins rolling!
There is a stone staircase leading up here.
The boulder beetle hits you!!
The boulder beetle stops rolling and uncurls.
You climb upwards.
There is a stone staircase leading down here.
Casting: Stone Arrow (safe; 1% risk of failure)
Confirm with . or Enter, or press ? or * to list all spells.
Aiming: Stone Arrow (safe; 1% risk of failure)
Press: ? - help, Shift-Dir - straight line, f - boulder beetle
Aim: a boulder beetle (100% to hit)
The stone arrow hits the boulder beetle!!
The boulder beetle is moderately wounded.
The boulder beetle bites you!!
You die...

####.......#..P#.## ####
#.............###.# #.#.
#..............#..# ####..
#................##
##..##. #................#
#...... #................#
##..... #.............#P##
##.... #P............###
#P... ##P.......@..(#
###.. ##........B..##
####.. #........<...##
#.#... #.............####
#..#..
##.............#.######..
#...........<....#...#...
##.P.).............#......
#.#.............#...#.....
####.).............###....


You could see a boulder beetle.

Vanquished Creatures
  A hydra (Lair:1)
  A two-headed ogre (D:10)
  Pikel (D:6)
  The ghost of Stomo444 the Gusty, a novice VSAE (D:5)
  A black mamba (Lair:2)
  Joseph (D:8)
  A gargoyle (D:9)
  3 cane toads
  An unseen horror (D:10)
  6 komodo dragons
  A troll (D:9)
  5 blink frogs (Lair:3)
  A tyrant leech (Lair:3)
  A hornet (D:10)
  Sigmund (D:2)
  A shadow (D:9)
  A wyvern (Lair:3)
  8 yaks
  Menkaure (D:6)
  5 vampire mosquitoes
  An acid dragon (D:8)
  9 water moccasins
  Duvessa (D:7)
  6 orc warriors
  5 black bears
  A hornet zombie (D:9)
  2 ogres
  4 wolves (D:9)
  3 centaurs
  A lemure (D:6)
  10 bullfrogs
  A kobold brigand (D:10)
  3 scorpions
  Dowan (D:7)
  A water moccasin skeleton (D:6)
  24 killer bees
  5 electric eels (D:9)
  8 wights
  2 howler monkeys
  A jelly (D:6)
  3 centaur zombies
  Crazy Yiuf (D:3)
  A centaur skeleton (D:7)
  A gnoll shaman (D:5)
  5 orc priests
  3 hounds
  A bullfrog skeleton (D:7)
  Terence (D:2)
  2 iguanas
  5 orc wizards
  A scorpion zombie (D:5)
  5 gnolls (D:5)
  4 river rats (Sewer)
  13 adders
  A howler monkey skeleton (D:6)
  4 shadow imps
  3 white imps
  An ufetubus (D:5)
  5 dart slugs
  23 orcs
  3 bats
  3 endoplasms
  4 giant cockroaches
  5 hobgoblins
  2 jackals (D:1)
  14 kobolds
  5 quokkas
  19 ball pythons
  2 frilled lizards
  4 goblins
  27 rats
302 creatures vanquished.

Vanquished Creatures (others)
  4 fungi
  10 plants
14 creatures vanquished.

Grand Total: 316 creatures vanquished

Notes
Turn   | Place    | Note
-------+----------+-------------------------------------------
     0 | D:1      | hilljack the Gargoyle Earth Elementalist began the quest
                  | for the Orb.
     0 | D:1      | Reached XP level 1. HP: 10/10 MP: 3/3
   286 | D:1      | Reached XP level 2. HP: 9/15 MP: 5/5
  1293 | D:2      | Noticed Terence
  1295 | D:2      | Reached XP level 3. HP: 19/19 MP: 6/6
  1402 | D:2      | Killed Terence
  1568 | D:2      | Found a faded altar of an unknown god.
  1660 | D:2      | Reached XP level 4. HP: 14/24 MP: 4/8
  1844 | D:2      | Noticed Sigmund
  2044 | D:2      | Reached skill level 5 in Earth Magic
  2250 | D:3      | Learned a level 2 spell: Passwall
  2254 | D:3      | Learned a level 3 spell: Stone Arrow
  2407 | D:3      | Found Iwkoteil's Assorted Antiques.
  2432 | D:3      | Bought a yellow potion for 29 gold pieces
  2432 | D:3      | Bought a scroll labelled KIUHIRPH WASOFFE for 33 gold
                  | pieces
  2507 | D:3      | Found a sacrificial altar of Ru.
  2539 | D:3      | Found a runed translucent door.
  2540 | D:3      | Noticed Crazy Yiuf
  2856 | D:4      | Reached XP level 5. HP: 28/28 MP: 10/10
  2967 | D:4      | Reached skill level 1 in Conjurations
  3126 | D:4      | Reached XP level 6. HP: 32/32 MP: 6/12
  3404 | D:5      | Entered Level 5 of the Dungeon
  3597 | D:5      | Reached XP level 7. HP: 36/36 MP: 6/13
  3684 | D:5      | Noticed a yak
  3728 | D:5      | Noticed a yak
  3900 | D:5      | Reached skill level 5 in Spellcasting
  3930 | D:5      | Killed a yak
  3931 | D:5      | Reached XP level 8. HP: 41/41 MP: 8/15
  3987 | D:5      | Noticed Stomo444's ghost (novice VSAE)
  3990 | D:5      | Found a runed translucent door.
  4190 | D:5      | Reached skill level 5 in Conjurations
  4479 | D:5      | Noticed a yak
  4480 | D:5      | Noticed a yak
  4483 | D:5      | Noticed a yak
  4499 | D:4      | Killed a yak
  4597 | D:5      | Killed a yak
  4605 | D:5      | Killed a yak
  4609 | D:5      | Killed a yak
  4610 | D:5      | Reached XP level 9. HP: 5/45 MP: 3/18
  4966 | D:5      | Found a hazy altar of Hepliaklqana.
  4966 | D:5      | Found a glowing golden altar of the Shining One.
  4966 | D:5      | Found a shadowy altar of Dithmenos.
  5377 | D:2      | Killed Sigmund
  5638 | D:3      | Killed Crazy Yiuf
  5861 | D:6      | Noticed Menkaure
  5879 | D:6      | Found an ancient bone altar of Kikubaaqudgha.
  5931 | D:6      | Noticed Pikel
  5968 | D:6      | Killed Pikel
  6046 | D:6      | Found a burning altar of Makhleb.
  6091 | D:6      | Reached skill level 10 in Earth Magic
  6158 | D:6      | Found a shimmering altar of Xom.
  6159 | D:6      | Found a shimmering altar of Xom.
  6159 | D:6      | Found a shimmering altar of Xom.
  6171 | D:6      | Found a shimmering altar of Xom.
  6225 | D:6      | Found a glowing drain.
  6236 | Sewer    | Entered a sewer
  6438 | Sewer    | Learned a level 4 spell: Petrify
  6792 | Sewer    | Reached XP level 10. HP: 49/50 MP: 3/21
  7090 | D:6      | Killed Menkaure
  7662 | D:7      | Found a staircase to the Ecumenical Temple.
  7870 | Temple   | Entered the Ecumenical Temple
  7936 | Temple   | Became a worshipper of Vehumet
  8034 | D:7      | Noticed Duvessa
  8052 | D:7      | Noticed Dowan
  8054 | D:7      | Killed Duvessa
  8057 | D:7      | Killed Dowan
  9129 | D:8      | Learned a level 4 spell: Sticky Flame
  9133 | D:8      | Learned a level 3 spell: Conjure Flame
  9445 | D:8      | Noticed Joseph
  9455 | D:8      | Killed Joseph
  9456 | D:8      | Reached skill level 1 in Fire Magic
  9820 | D:8      | You fall into a shaft and drop 2 floors!
  9820 | D:10     | Entered Level 10 of the Dungeon
  9840 | D:10     | Killed an unseen horror
 10211 | D:10     | Reached skill level 10 in Conjurations
 10401 | D:10     | Reached * piety under Vehumet
 10401 | D:10     | Offered knowledge of Shock by Vehumet.
 10649 | D:10     | Reached XP level 11. HP: 27/54 MP: 3/24
 10805 | D:10     | Noticed a two-headed ogre
 10813 | D:10     | Killed a two-headed ogre
 10814 | D:10     | Reached skill level 10 in Spellcasting
 11169 | D:10     | Reached skill level 5 in Fire Magic
 11552 | D:9      | Identified the +1 leather armour "Gylusku" {Int+6}
 11641 | D:9      | Identified the +11 hunting sling of the Vine {flame, Fly}
 12002 | D:9      | Found a basalt altar of Yredelemnul.
 12155 | D:9      | Found an ornate altar of the Wu Jian Council.
 12261 | D:9      | Offered knowledge of Poisonous Vapours by Vehumet.
 12346 | D:9      | Reached ** piety under Vehumet
 12347 | D:9      | Reached skill level 1 in Shields
 12363 | D:9      | Found a staircase to the Orcish Mines.
 13142 | D:9      | Found a staircase to the Lair.
 13311 | Lair:1   | Entered Level 1 of the Lair of Beasts
 13452 | D:5      | Killed Stomo444's ghost
 13715 | Lair:1   | Reached skill level 5 in Shields
 13912 | Lair:1   | Noticed an oklob plant
 14033 | Lair:1   | Noticed an eight-headed hydra
 14044 | Lair:1   | Killed an eight-headed hydra
 14229 | Lair:1   | Learned a level 4 spell: Olgreb's Toxic Radiance
 14238 | Lair:1   | Learned a level 8 spell: Ignition
 14325 | Lair:2   | Reached skill level 1 in Poison Magic
 14604 | Lair:2   | Reached XP level 12. HP: 59/59 MP: 16/26
 14856 | Lair:2   | Found a staircase to the Snake Pit.
 15335 | Lair:3   | Offered knowledge of Frozen Ramparts by Vehumet.
 15594 | Lair:3   | Noticed a seven-headed hydra
 16022 | Lair:3   | Found a staircase to the Swamp.
 16022 | Lair:3   | Noticed a four-headed hydra
 16088 | Lair:3   | Noticed a boulder beetle
 16151 | Lair:2   | Slain by a boulder beetle

Illustrated notes

Levels and vault maps discovered:
D:1:      minmay_arrival_shoal_huts, layout_basic
D:2:      layout_loops_ring, hellmonk_ecumenical_altar_pennies_from_heaven,
          uniq_terence, uniq_sigmund
D:3:      layout_rooms, mainiacjoe_overflow_catwalk, serial_shops,
          nicolae_shop_temple_entry_statues_fountains, uniq_crazy_yiuf_cottage
D:4:      layout_rooms, serial_bayou_pond_b
D:5:      layout_loops_ring, nicolae_overflow_hidden_temple,
          hellmonk_ghost_happy_afterlife
D:6:      layout_basic, xom_redecorated, amcnicky_altar_gilded,
          mainiacjoe_overflow_concentric_impassable, portal_sewer_entry_d,
          uniq_pikel, uniq_menkaure
D:7:      layout_cave_pools, minmay_temple_entry_proselytizer, uniq_duvessa
D:8:      layout_basic, uniq_joseph
D:9:      layout_stronghold, mainiacjoe_overflow_cross_hatched,
          mainiacjoe_overflow_surrounded_room, erik_lair_island,
          minmay_orc_entry_temple_small
D:10:     layout_irregular_city
Temple:   nicolae_temple_god_jail
Lair:1:   layout_misc_corridors, serial_bayou_shore_b, minmay_lair_oklob_chamber
Lair:2:   layout_cave_shapes, dummy_snake_entry
Lair:3:   beast_lair_carwin_large_3, layout_regular_city,
          minmay_swamp_entry_worms, pond

Skill      XL: |  1  2  3  4  5  6  7  8  9 10 11 12 |
---------------+-------------------------------------+-----
Earth Magic    | 4 5 6 7 9 10 | 10.0
Spellcasting   | 3 4 5 6 7 9 10 | 10.0
Conjurations   | 2 3 4 6 8 10 | 10.0
Fire Magic     | 3 8 9 |  9.7
Shields        | 5 |  5.0
Poison Magic   | 2 4 |  4.8
Dodging        | |  1.5
Stealth        | |  2.1
Transmutations | |  0.7

Action                   |  1- 3 |  4- 6 |  7- 9 | 10-12 || total
-------------------------+-------+-------+-------+-------++-------
Melee: Dagger            |   103 |    23 |       |       ||   126
       Unarmed           |     7 |       |       |       ||     7
       Whip              |       |    78 |   119 |   168 ||   365
 Cast: Sandblast         |    15 |    27 |     2 |     1 ||    45
       Stone Arrow       |       |     6 |    92 |   233 ||   331
       Passwall          |       |       |     2 |     1 ||     3
       Petrify           |       |       |       |     1 ||     1
       Sticky Flame      |       |       |       |     8 ||     8
       Conjure Flame     |       |       |       |     4 ||     4
       Olgreb's Toxic Ra |       |       |       |     2 ||     2
  Use: Scroll            |     3 |    11 |     7 |     7 ||    28
       Potion            |       |       |     3 |     2 ||     5
 Stab: Sleeping          |     3 |       |     1 |       ||     4
Armor: Robe              |    55 |       |       |       ||    55
       Leather armour    |       |    27 |    55 |   120 ||   202
       Acid dragon scale |       |       |       |    61 ||    61
Dodge: Dodged            |    70 |    86 |   120 |   303 ||   579
Block: Buckler           |       |       |       |    20 ||    20
